 Dungeon Crawl Stone Soup version 0.18.1-50-g88ac8fd (webtiles) character file.

436 Amnesiac the Inquisitive (level 6, 39/50 HPs)
             Began as a Deep Dwarf Artificer on Feb 28, 2018.
             Was a Follower of Pakellas.
             Quit the game on level 2 of the Dungeon.
             The game lasted 00:06:40 (2183 turns).

Amnesiac the Inquisitive (Deep Dwarf Artificer)     Turns: 2183, Time: 00:06:41

Health: 39/50      AC:  9    Str: 21    XL:     6   Next: 68%
Magic:  14/14      EV:  5    Int: 12    God:    Pakellas [*.....]
Gold:   127        SH:  9    Dex: 13    Spells: 0 memorised, 5 levels left

rFire  . . .     SeeInvis .     a - +2 dagger (drain)
rCold  . . .     Gourm    .     k - +0 chain mail
rNeg   . . .     Faith    .     x - +2 shield
rPois  .         Spirit   .     (helmet restricted)
rElec  .         Dismiss  .     (no cloak)
rCorr  .         Reflect  .     j - +0 pair of gloves
SustAt .         Harm     .     (no boots)
MR     .....                    o - amulet of magic regeneration
Stlth  ..........               (no ring)
                                (no ring)

@: non-regenerating, not resistant to hostile enchantments, extremely unstealthy
A: damage resistance, recharge devices, horns 1, sense surroundings 1, slow
regeneration 3, strong 2, evolution 1
a: Device Recharging, Quick Charge, Renounce Religion


You were on level 2 of the Dungeon.
You worshipped Pakellas.
Pakellas was aware of your devotion.
You were not hungry.

You visited 2 branches of the dungeon, and saw 5 of its levels.

You collected 127 gold pieces.

Inventory:

Hand Weapons
 a - a +2 dagger of draining (weapon)
 b - a +0 short sword
Missiles
 i - 93 stones (quivered)
 u - 13 poisoned needles
Armour
 j - a +0 pair of gloves (worn)
 k - a +0 chain mail (worn)
 x - a +2 shield (worn)
 z - a +1 hat
Jewellery
 o - an amulet of magic regeneration (around neck)
Wands
 c - a wand of flame (13/48)
 d - a wand of enslavement (13/24)
 e - a wand of random effects (11/48)
 f - a wand of heal wounds (9/9)
 y - a wand of confusion (18/48)
Scrolls
 l - 2 scrolls of remove curse {!r, unknown}
 n - a scroll of noise {!r, unknown}
 q - 2 scrolls of enchant weapon {!r, unknown}
 r - 3 scrolls of identify {!r, unknown}
 s - 2 scrolls of teleportation {!r}
 t - a scroll of recharging {!r, unknown}
Potions
 v - a potion of degeneration {!q, unknown}
 w - a potion of haste {!q, unknown}
 A - a potion of curing {!q, unknown}
 B - a potion of ambrosia {!q, unknown}
 C - a potion of invisibility {!q, unknown}
Comestibles
 g - 2 bread rations
 h - 2 meat rations
 m - a slice of pizza
 p - a beef jerky


   Skills:
 - Level 0.8 Fighting
 - Level 1.0 Short Blades
 - Level 2.1 Dodging
 - Level 2.0 Stealth
 + Level 14.8 Evocations


You had 5 spell levels left.
You didn't know any spells.

Dungeon Overview and Level Annotations

Branches:
Dungeon (4/15)             Temple (1/1) D:4

Altars:
Cheibriados
Elyvilon
Gozag
Kikubaaqudgha
Pakellas
Qazlal
Xom
Zin
The Shining One


Innate Abilities, Weirdness & Mutations

You are resistant to damage.
You can recharge devices by infusing magical energy.
You passively map a small area around you.
You do not regenerate naturally.
You have a pair of small horns on your head.
Your muscles are very strong. (Str +4)
You evolve.


Message History

The hobgoblin is lightly wounded.
The hobgoblin completely misses you. You block the rat's attack.
You completely miss the hobgoblin. You headbutt the hobgoblin.
The hobgoblin is moderately wounded.
The hobgoblin barely misses you. The rat bites you.
The hobgoblin hits you but does no damage.
You closely miss the hobgoblin. You headbutt the hobgoblin.
You kill the hobgoblin!
Pakellas accepts your kill. You block the bat's attack.
The rat bites you but does no damage.
You hit the bat but do no damage. You headbutt the bat.
You kill the bat!
Pakellas accepts your kill. The rat bites you but does no damage.
You hit the rat but do no damage. You headbutt the rat, but do no damage.
You block the rat's attack.
You hit the giant cockroach. You drain the giant cockroach!
You kill the giant cockroach!
Pakellas accepts your kill. The rat bites you but does no damage.
You hit the rat.
You kill the rat!
Pakellas accepts your kill.
No target in view!
No target in view!
Things that are here:
a club; a giant cockroach corpse; a hobgoblin corpse
A - a fuming golden potion {!q}
r - 3 scrolls labeled RUOGROXECI {!r} (gained 1)
There is a stone staircase leading up here.
You see here a bat corpse.
All of the chunks of flesh in your inventory have rotted away.
m - a slice of pizza
B - a viscous ruby potion {!q}
Found a white marble altar of Elyvilon.
C - a lumpy emerald potion {!q} No target in view!
No target in view!
An adder comes into view.
An adder is nearby!
A giant newt comes into view.
Found a dagger.
There are monsters nearby!
You miss the adder. You block the adder's attack.
You miss the adder. You headbutt the adder.
The adder is severely wounded.
The adder bites you. You block the adder's attack.
You miss the adder. You headbutt the adder.
You kill the adder!
Pakellas accepts your kill. You block the giant newt's attack.
Found 8 gold pieces and a beef jerky.
Your shield prevents you from hitting the giant newt.
You block the giant newt's attack.
You hit the giant newt.
You kill the giant newt!
Pakellas accepts your kill.
No target in view!
No target in view!
You see here a giant newt corpse.
Found a shimmering altar of Xom and a glowing silver altar of Zin.
Charge which item? (? for menu, Esc to quit)
Your wand of heal wounds (4/9) glows for a moment and now has 9 charges.
Are you sure you want to abandon this character and quit the game? (Confirm with "yes".)

..#.###.......###...........g
**K##..########......).........
.. ##.# ########........., ,.#
#.# ######.... * #.#### , ....
, #...†##### , , _ ...
#####.....## ,,###* , ##
*#....)†....###..#..
....#........@$...#A., , ##
#.........##..#.. * #.........#
### * * * * #.........# _
...........# ,, * *
*..#..%......# * ,
.##.........# * * #.........# ,
,


You could see an angel (mute).

Vanquished Creatures
  A wasp (D:1)
  A gnoll shaman (D:4)
  6 orc wizards
  An iguana (D:4)
  4 gnolls (D:4)
  An adder (D:2)
  2 worms (D:1)
  2 giant geckos
  3 orcs
  4 giant cockroaches
  6 goblins
  2 hobgoblins
  A quokka (D:4)
  A ball python (D:1)
  7 bats
  4 giant newts
  6 kobolds
  6 rats
58 creatures vanquished.

Vanquished Creatures (collateral kills)
  A goblin (D:1)
1 creature vanquished.

Grand Total: 59 creatures vanquished

Notes
Turn   | Place    | Note
--------------------------------------------------------------
     0 | D:1      | Amnesiac the Deep Dwarf Artificer began the quest for the Orb.
     0 | D:1      | Reached XP level 1. HP: 16/16 MP: 3/3
    78 | D:1      | Reached skill level 1 in Short Blades
   131 | D:2      | Noticed Ijyb
   212 | D:1      | Reached XP level 2. HP: 24/24 MP: 5/5
   254 | D:1      | Noticed Ijyb
   254 | D:1      | Ijyb changed into Ijyb the wasp
   380 | D:2      | Gained mutation: Your muscles are strong. (Str +2) [potion of mutation]
   380 | D:2      | Gained mutation: You have a pair of small horns on your head. [potion of mutation]
   380 | D:2      | Gained mutation: You evolve. [potion of mutation]
   540 | D:3      | Reached skill level 5 in Evocations
   540 | D:3      | Reached XP level 3. HP: 18/30 MP: 7/7
   657 | D:3      | Reached skill level 14 in Evocations
   657 | D:3      | Reached XP level 4. HP: 15/37 MP: 8/13
   737 | D:4      | Reached XP level 5. HP: 41/43 MP: 14/14
   917 | D:4      | Reached XP level 6. HP: 22/50 MP: 16/16
  1232 | D:4      | Found a staircase to the Ecumenical Temple.
  1240 | Temple   | Entered the Ecumenical Temple
  1250 | Temple   | Became a worshipper of Pakellas the Inventive
  1516 | D:1      | Killed Ijyb the wasp
  1945 | D:1      | Reached * piety under Pakellas
  1945 | D:1      | Received a gift from Pakellas
  1980 | D:1      | Gained mutation: Your muscles are very strong. (Str +4) [evolution]
  2119 | D:2      | Found a white marble altar of Elyvilon.
  2181 | D:2      | Found a shimmering altar of Xom.
  2181 | D:2      | Found a glowing silver altar of Zin.
  2182 | D:2      | Noticed an angel
  2183 | D:2      | Quit the game

Skill      XL: |  1  2  3 |
---------------+----------+-----
Short Blades   | 1 |  1.0
Stealth        | 2 |  2.0
Evocations     | 5 14 | 14.8
Fighting       | |  0.8
Dodging        | |  2.1

Action                   |  1- 3 |  4- 6 || total
-------------------------+-------+-------++-------
Melee: Short sword       |    66 |     3 ||    69
       Headbutt          |     1 |    32 ||    33
       Dagger            |       |   155 ||   155
 Abil: Device Recharging |       |     2 ||     2
Evoke: Wand              |     6 |     7 ||    13
  Use: Scroll            |     1 |       ||     1
       Potion            |     2 |       ||     2
 Stab: Sleeping          |     1 |       ||     1
  Eat: Chunk             |       |     4 ||     4
Armor: Leather armour    |    22 |       ||    22
       Chain mail        |       |    74 ||    74
Dodge: Dodged            |    52 |    54 ||   106
Block: Shield            |       |    12 ||    12
